 Dungeon Crawl Stone Soup version 0.31-a0-1074-g0b22e4e0f1 (webtiles) character file.

Game seed: 2854832374136344248

6984 javelincjr the Ducker (level 11, -4/118 HPs)
             Began as a Djinni Fire Elementalist on Dec 5, 2023.
             Was a Priest of Qazlal.
             Slain by a boulder beetle (15 damage)
             ... on level 9 of the Dungeon.
             The game lasted 00:36:58 (8630 turns).

javelincjr the Ducker (Djinni Fire Elementalist)    Turns: 8630, Time: 00:36:59

Health: -4/118     AC: 25    Str:  7    XL:     11   Next: 28%
Gold:   1159       EV:  2    Int: 20    God:    Qazlal [***...] SH:  4 Dex: 15

rFire   . . .        g - +6 trident (flame)
rCold   . . .        (no shield)
rNeg    . . .        q - melded +2 robe {rC+}
rPois   ∞            (helmet currently unavailable)
rElec   .            s - melded +0 cloak
rCorr   .            (gloves currently unavailable)
SInv    .            (boots unavailable)
Will    ++...        (no amulet)
Stlth   +            (no ring)
HPRegen 0.39/turn    (no ring)
MPRegen 0.00/turn

%: infuse magic (-5 HP)
@: tree-form
A: stationary, stasis, torment immunity, boosted hp, sickness immunity, (fire
resistance 2), (cold vulnerability 1), float, innate caster, HP casting, extra
vitality 1, (horns 1), strong-willed 1
a: Renounce Religion, Upheaval, Elemental Force


You were on level 9 of the Dungeon.
You worshipped Qazlal.
Qazlal was most pleased with you.
You were a tree.
You visited 2 branches of the dungeon, and saw 10 of its levels.

You collected 1159 gold pieces.

Inventory:

Hand Weapons
 a - a +2 spear of venom
 d - a +2 short sword of speed
 g - a +6 trident of flaming (weapon)
 C - a +2 dagger of draining
 D - a +5 war axe of freezing
Missiles
 c - 31 poisoned darts
 I - 4 curare-tipped darts
Armour
 e - +0 steam dragon scales
 q - a +2 robe of cold resistance (melded)
 s - a +0 cloak (melded)
 t - a +0 helmet
Jewellery
 f - an amulet of faith
Wands
 p - a wand of acid (6)
 x - a wand of iceblast (7)
 A - a wand of flame (12)
 J - a wand of charming (3)
Scrolls
 b - a scroll of teleportation {unknown}
 i - 3 scrolls of vulnerability
 k - a scroll of immolation {unknown}
 n - 2 scrolls of noise {unknown}
 u - 5 scrolls of fog
 w - 4 scrolls of fear {unknown}
 y - a scroll of torment {unknown}
 F - 2 scrolls of revelation {unknown}
 G - a scroll of butterflies {unknown}
 K - 2 scrolls of identify
 L - a scroll of amnesia {unknown}
Potions
 h - a potion of berserk rage {unknown}
 j - 3 potions of enlightenment
 l - 3 potions of attraction
 m - a potion of ambrosia
 o - 2 potions of curing
 r - 2 potions of degeneration
 v - a potion of lignification
 z - a potion of mutation
 B - a potion of haste {unknown}
 E - a potion of resistance {unknown}
 H - a potion of might {unknown}


   Skills:
 * Level 7.5 Fighting
 - Level 1.3(2.1) Axes
 + Level 2.3(2.5) Polearms
 + Level 6.6 Armour
 + Level 7.8 Dodging
 - Level 2.0 Stealth
 * Level 7.7 Spellcasting
 * Level 7.7 Conjurations
 * Level 7.7 Hexes
   Level 0.0 Charms
 * Level 7.7 Summonings
 * Level 7.7 Necromancy
 * Level 7.7 Translocations
 * Level 7.7 Transmutations
 * Level 7.7 Fire Magic
 * Level 7.7 Ice Magic
 * Level 7.7 Air Magic
 * Level 7.7 Earth Magic
 * Level 7.7 Poison Magic
 + Level 4.7 Invocations


You knew the following spells:

 Your Spells              Type           Power      Damage    Failure   Level
a - Foxfire               Conj/Fire      100%       2x1d9     1%          1
b - Scorch                Fire           76%        2d8       1%          2
c - Volatile Blastmotes   Fire/Tloc      76%        2d16      1%          3
d - Inner Flame           Hex/Fire       38%        N/A       1%          3
e - Flame Wave            Conj/Fire      38%        2d10      3%          4
f - Freeze                Ice            100%       1d10      1%          1
g - Searing Ray           Conj           76%        2d7       1%          2
h - Dazzling Flash        Conj/Hex       76%        N/A       1%          3
i - Olgreb's Toxic Radia  Pois           38%        N/A       3%          4
j - Fulminant Prism       Conj/Hex       19%        3d10      3%          4
Your spell library was empty.

Dungeon Overview and Level Annotations

Branches:
Dungeon (9/15)             Temple (1/1) D:4
   Lair: D:8-11         Orc: D:9-12

Altars:
Ashenzari
Cheibriados
Dithmenos
Elyvilon
Fedhas
Gozag
Hepliaklqana
Makhleb
Nemelex Xobeh
Okawaru
Qazlal
Ru
Trog
Uskayaw
Wu Jian
Xom
Yredelemnul
Zin
The Shining One

Annotations:
Temple 2 transporters


Innate Abilities, Weirdness & Mutations

You are a tree.
Your roots penetrate the ground, keeping you stationary.
You cannot be teleported.
You are immune to unholy pain and torment.
Your maximum health is greatly increased.
Your equipment is partially melded.
You are immune to sickness and miasma.
You are immune to poison.
((Your flesh is very heat resistant. (rF++)))
((You are vulnerable to cold. (rC-)))
You float through the air rather than walking.
You learn spells naturally, not from books.
Your magical power is your life essence.
You have superior vitality. (+4 MHP)
((You have a pair of small horns on your head.))
You are strong-willed. (Will+)


Message History

Casting: Dazzling Flash (safe; 1% risk of failure)
Press: ? - help, Dir - look around, f - activate The boulder beetle is dazzled.
The foxfire hits the boulder beetle but does no damage.
The boulder beetle is lightly wounded.
The foxfire hits the boulder beetle but does no damage.
The boulder beetle is lightly wounded.
The boulder beetle barely misses you.
You are confused.
You feel invigorated. The boulder beetle misses you.
You are too confused!
Okay, then.
You hit the boulder beetle but do no damage.
You headbutt the boulder beetle, but do no damage.
The boulder beetle is lightly wounded.
You hit the boulder beetle but do no damage.
The boulder beetle is lightly wounded.
The boulder beetle bites you!
* * * LOW HITPOINT WARNING * * *
You're too confused to move!
The boulder beetle is no longer blind.
The boulder beetle bites you!
* * * LOW HITPOINT WARNING * * *
You turn into a tree.
Your +0 cloak melds into your body.
Your +2 robe of cold resistance melds into your body.
You feel less resistant to cold.
Your roots penetrate the ground.
You feel less invigorated.
You feel less confused. The boulder beetle bites you.
* * * LOW HITPOINT WARNING * * *
Aiming: Charm
Press: ? - help, Q - select action, (/) - cycle Shift-Dir - straight line, f - boulder beetle
Aim: a boulder beetle (lightly wounded, chance to affect: 31%)
The boulder beetle easily resists.
The boulder beetle bites you.
* * * LOW HITPOINT WARNING * * *
Activating: Elemental Force (16% risk of failure)
Press: ? - help, Dir - look around, f - activate Clouds arounds you coalesce and take form!
The boulder beetle bites you!
You die...

#..≈§...#
#..##..≈≈≈§.###
#..##.........#
#..##.......#.#
#..# #....#
#..#######....####
#................#
#.......EB..####.#
#######.####..♣###
#
.##............☼##
.......#######.##
.##.##.###.....# #
#........##
#..##.##.#
#.##..##.##.###
#......#......#
........[...#.#.#


You could see a boulder beetle (ally target) and a friendly air elemental
(summoned).

Vanquished Creatures
  A two-headed ogre (D:9)
  Pikel (D:4)
  Sigmund (D:3)
  6 yaks (D:9)
  4 steam dragons
  A water moccasin (D:5)
  The ghost of grandjackal the Trooper, an amateur OgWr (D:4)
  7 ice beasts
  3 sky beasts (D:7)
  4 black bears
  An ogre (D:7)
  A phantom (D:6)
  A centaur (D:8)
  3 kobold brigands
  2 lemures (D:4)
  8 bullfrogs
  A gnoll sergeant (D:7)
  2 scorpions
  13 wights
  6 hounds
  An orc priest (D:8)
  2 sleepcaps
  Jessica (D:3)
  8 iguanas
  Ijyb (D:5)
  10 orc wizards
  Natasha (twice) (D:4)
  Robin (D:4)
  4 gnolls
  12 adders
  2 shadow imps
  A white imp (D:7)
  4 ufetubi
  3 worms
  4 dart slugs
  24 orcs
  2 bats
  4 endoplasms
  4 giant cockroaches
  12 goblins
  12 hobgoblins
  2 jackals (D:3)
  4 quokkas
  6 ball pythons
  3 frilled lizards
  19 kobolds
  3 rats
218 creatures vanquished.

Vanquished Creatures (others)
  843 foxfires
  A fulminant prism (D:9)
844 creatures vanquished.

Grand Total: 1062 creatures vanquished

Notes
Turn   | Place    | Note
-------+----------+-------------------------------------------
     0 | D:1      | javelincjr the Djinni Fire Elementalist began the quest for
                  | the Orb.
     0 | D:1      | javelincjr set off with the following spells memorised:
                  | Foxfire, Scorch, Volatile Blastmotes, Inner Flame, Flame
                  | Wave.
     0 | D:1      | Reached XP level 1. HP: 15/15 MP: 0/0
   196 | D:1      | Reached XP level 2. HP: 19/22 MP: 0/0
   244 | D:1      | Found a faded altar of an unknown god.
   915 | D:1      | Reached XP level 3. HP: 24/26 MP: 0/0
   915 | D:1      | Learned a level 1 spell: Freeze
  1432 | D:2      | Reached skill level 1 in Fighting
  1610 | D:2      | Reached XP level 4. HP: 26/32 MP: 0/0
  2082 | D:3      | Noticed Sigmund
  2142 | D:3      | Found a faded altar of an unknown god.
  2146 | D:3      | Killed Sigmund
  2147 | D:3      | Reached skill level 1 in Armour
  2147 | D:3      | Reached XP level 5. HP: 28/38 MP: 0/0
  2147 | D:3      | Learned a level 2 spell: Searing Ray
  2147 | D:3      | Reached XP level 6. HP: 32/43 MP: 0/0
  2166 | D:3      | Found a white marble altar of Elyvilon.
  2505 | D:3      | Noticed Jessica
  2509 | D:3      | Killed Jessica
  2565 | D:4      | Found a staircase to the Ecumenical Temple.
  2574 | Temple   | Found a transporter.
  2574 | Temple   | Found a transporter.
  2574 | Temple   | Found a transporter.
  2574 | Temple   | Found a transporter.
  2574 | Temple   | Entered the Ecumenical Temple
  2590 | Temple   | Became a worshipper of Qazlal Stormbringer
  2721 | D:4      | Noticed Pikel
  2733 | D:4      | Killed Pikel
  2734 | D:4      | Reached XP level 7. HP: 24/50 MP: 0/0
  2734 | D:4      | Learned a level 3 spell: Dazzling Flash
  2734 | D:4      | Reached XP level 8. HP: 27/56 MP: 0/0
  2918 | D:4      | Reached skill level 5 in Spellcasting
  2918 | D:4      | Reached skill level 5 in Conjurations
  2918 | D:4      | Reached skill level 5 in Hexes
  2918 | D:4      | Reached skill level 5 in Summonings
  2918 | D:4      | Reached skill level 5 in Necromancy
  2918 | D:4      | Reached skill level 5 in Translocations
  2918 | D:4      | Reached skill level 5 in Transmutations
  2918 | D:4      | Reached skill level 5 in Fire Magic
  2918 | D:4      | Reached skill level 5 in Ice Magic
  2918 | D:4      | Reached skill level 5 in Air Magic
  2918 | D:4      | Reached skill level 5 in Earth Magic
  2918 | D:4      | Reached skill level 5 in Poison Magic
  2965 | D:4      | Found a runed translucent door.
  2965 | D:4      | Noticed grandjackal's ghost (amateur OgWr)
  2996 | D:4      | Noticed Robin
  3002 | D:4      | Killed Robin
  3069 | D:4      | Killed grandjackal's ghost
  3096 | D:4      | Gained mutation: You have a pair of small horns on your
                  | head. [potion of mutation]
  3096 | D:4      | Gained mutation: You occasionally lose the ability to drink
                  | potions when taking damage. [potion of mutation]
  3097 | D:4      | Lost mutation: You have a pair of small horns on your head.
                  | [potion of mutation]
  3097 | D:4      | Lost mutation: You occasionally lose the ability to drink
                  | potions when taking damage. [potion of mutation]
  3097 | D:4      | Gained mutation: You are strong-willed. (Will+) [potion of
                  | mutation]
  3097 | D:4      | Gained mutation: You have a pair of small horns on your
                  | head. [potion of mutation]
  3188 | D:4      | Reached skill level 5 in Dodging
  3482 | D:4      | Noticed Natasha
  3488 | D:4      | Killed Natasha
  3661 | D:4      | Noticed Natasha
  3665 | D:4      | Killed Natasha
  3880 | D:5      | Entered Level 5 of the Dungeon
  3907 | D:5      | Reached * piety under Qazlal
  4025 | D:5      | Reached XP level 9. HP: 56/63 MP: 0/0
  4025 | D:5      | Learned a level 4 spell: Olgreb's Toxic Radiance
  4173 | D:5      | Noticed Ijyb
  4177 | D:5      | Killed Ijyb
  4632 | D:6      | Reached skill level 1 in Invocations
  5000 | D:6      | Found a burning altar of Makhleb.
  5183 | D:6      | Reached skill level 5 in Fighting
  5284 | D:6      | Reached skill level 5 in Armour
  5501 | D:6      | Reached ** piety under Qazlal
  5790 | D:6      | Reached XP level 10. HP: 60/70 MP: 0/0
  6103 | D:7      | Reached skill level 1 in Axes
  6654 | D:7      | Reached *** piety under Qazlal
  6669 | D:7      | Reached skill level 1 in Polearms
  8051 | D:9      | Reached XP level 11. HP: 72/78 MP: 0/0
  8051 | D:9      | Learned a level 4 spell: Fulminant Prism
  8180 | D:9      | Noticed a two-headed ogre
  8188 | D:9      | Killed a two-headed ogre
  8610 | D:9      | Found a blossoming altar of Fedhas.
  8613 | D:9      | Noticed a boulder beetle
  8630 | D:9      | Slain by a boulder beetle

Illustrated notes

Levels and vault maps discovered:
D:1:      dpeg_arrival_rhombus, layout_loops_corners,
          hellmonk_ecumenical_altar_zigzags
D:2:      layout_basic, amcnicky_mini_pool_small
D:3:      layout_rooms, nicolae_overflow_ecumenical_swirl, uniq_sigmund,
          uniq_jessica
D:4:      layout_basic, minmay_temple_entry_glass,
          hellmonk_ghost_happy_afterlife, minmay_misc_feat_ornament,
          uniq_natasha, uniq_robin, uniq_pikel
D:5:      layout_cave_pools, uniq_ijyb
D:6:      minmay_polygon_palace, layout_basic, lemuel_tele_altar,
          minmay_increasing_density
D:7:      layout_loops_cross, hangedman_misty_isle
D:8:      layout_loops_ring
D:9:      layout_loops_ring, mainiacjoe_overflow_chevrons
Temple:   hellmonk_temple_divided_pantheon

Skill      XL: |  1  2  3  4  5  6  7  8  9 10 11 |
---------------+----------------------------------+-----
Spellcasting   | 4 5 6 7 |  7.7
Conjurations   | 4 5 6 7 |  7.7
Hexes          | 4 5 6 7 |  7.7
Summonings     | 4 5 6 7 |  7.7
Necromancy     | 4 5 6 7 |  7.7
Translocations | 4 5 6 7 |  7.7
Transmutations | 4 5 6 7 |  7.7
Fire Magic     | 4 5 6 7 |  7.7
Ice Magic      | 4 5 6 7 |  7.7
Air Magic      | 4 5 6 7 |  7.7
Earth Magic    | 4 5 6 7 |  7.7
Poison Magic   | 4 5 6 7 |  7.7
Fighting       | 1 2 3 4 5 6 7 |  7.5
Stealth        | 2 |  2.0
Armour         | 1 3 4 5 6 |  6.6
Dodging        | 3 4 5 6 7 |  7.8
Invocations    | 2 4 |  4.7
Axes           | 1 |  1.3
Polearms       | 1 2 |  2.3

Action                     |  1- 3 |  4- 6 |  7- 9 | 10-12 || total
---------------------------+-------+-------+-------+-------++-------
  Melee: Unarmed           |     6 |       |       |       ||     6
         Short sword       |     1 |     9 |       |       ||    10
         Spear             |       |       |    66 |       ||    66
         Headbutt          |       |       |    14 |    10 ||    24
         Trident           |       |       |       |    38 ||    38
         War axe           |       |       |       |     8 ||     8
   Cast: Foxfire           |   106 |    73 |   183 |   147 ||   509
         Scorch            |     4 |    11 |    11 |    14 ||    40
         Volatile Blastmot |       |     3 |     1 |     2 ||     6
         Inner Flame       |       |     3 |       |     1 ||     4
         Flame Wave        |       |       |     4 |     5 ||     9
         Olgreb's Toxic Ra |       |       |    13 |    11 ||    24
         Searing Ray       |       |       |     1 |     1 ||     2
         Dazzling Flash    |       |       |       |     2 ||     2
         Fulminant Prism   |       |       |       |     1 ||     1
 Invoke: Elemental Force   |       |       |       |     1 ||     1
  Evoke: Wand              |       |       |       |     1 ||     1
    Use: Scroll            |       |       |     8 |     5 ||    13
         Potion            |       |       |     2 |     3 ||     5
   Stab: Sleeping          |       |       |     1 |       ||     1
 Armour: Robe              |     5 |     5 |    37 |    37 ||    84
         Skin              |       |       |       |     3 ||     3
  Dodge: Dodged            |     9 |    18 |    59 |    55 ||   141
  Block: Other             |       |       |     6 |     5 ||    11

Table legend: (Time is in decaauts)
 A = Elapsed time spent in this place.
 B = Non-inter-level travel time spent in this place.
 C = Inter-level travel time spent in this place.
 D = Time resting spent in this place.
 E = Time spent auto-exploring this place.
 F = Levels seen in this place.
 G = Mean time per level.
                   A        B        C        D        E       F      G
               +--------+--------+--------+--------+--------+-----+--------+
         Total |   8643 |   8333 |    310 |    615 |   6197 |  10 |  864.3 |
       Dungeon |   8614 |   8328 |    286 |    615 |   6197 |   9 |  957.1 |
        Temple |     28 |      4 |     24 |      0 |      0 |   1 |   28.0 |
               +--------+--------+--------+--------+--------+-----+--------+

Top non-repeatable levels by time:
     D:6: 1472 daAuts
     D:4: 1388 daAuts
     D:1: 1112 daAuts
     D:7: 1026 daAuts
     D:8: 911 daAuts
     D:3: 780 daAuts
     D:9: 772 daAuts
     D:2: 668 daAuts
     D:5: 481 daAuts
  Temple: 28 daAuts
